[Event "Caplin Hastings Masters 2023-24"]
[Site "Hastings"]
[Date "2023.12.28"]
[Round "1.43"]
[White "Walker, Martin G"]
[Black "Han, Qixuan"]
[Result "1/2-1/2"]
[ECO "B51"]
[WhiteElo "2090"]
[BlackElo "1603"]
[Annotator "NA"]
[PlyCount "51"]
[EventDate "2023.12.18"]
[EventType "swiss"]
[EventCountry "ENG"]
[SourceTitle "playchess.com"]
[Source "ChessBase"]
[SourceQuality "1"]
[TimeControl "40/6000+30:3000+30"]

1. e4 c5 2. Nf3 d6 3. Bb5+ Nd7 4. d4 cxd4 5. Qxd4 a6 6. Bxd7+ Bxd7 7. Nc3 Nf6 8. O-O g6 9. a4 a5 10. Be3 Bg7 11. Qd3 O-O 12. Rab1 Bc6 13. Nd4 Rc8 14. f3 Qd7 15. b4 axb4 16. Rxb4 Ra8 17. Nxc6 Qxc6 18. Rfb1 Rfc8 19. R1b3 Nd7 20. Nd5 Bf6 21. Ra3 Qxc2 22. Qxc2 Rxc2 23. Rxb7 Nc5 24. Bxc5 dxc5 25. Rb1 Ra5 26. Nxf6+ 1/2-1/2

[Event "Caplin Hastings Masters 2023-24"]
[Site "Hastings"]
[Date "2023.12.28"]
[Round "1.44"]
[White "Nainika, Gupta"]
[Black "Gimenez Menchon, Cesar"]
[Result "1/2-1/2"]
[ECO "E61"]
[WhiteElo "1543"]
[BlackElo "2088"]
[Annotator "NA"]
[PlyCount "68"]
[EventDate "2023.12.18"]
[EventType "swiss"]
[EventCountry "ENG"]
[SourceTitle "playchess.com"]
[Source "ChessBase"]
[SourceQuality "1"]
[TimeControl "40/6000+30:3000+30"]

1. Nf3 d6 2. d4 Nf6 3. c4 g6 4. Nc3 Bf5 5. Qb3 Qc8 6. Nh4 Bd7 7. h3 Bg7 8. e4 e5 9. d5 Na6 10. Be3 b6 11. Qc2 Nb4 12. Qc1 a5 13. Be2 O-O 14. O-O Kh8 15. Bh6 Bxh6 16. Qxh6 Nc2 17. Rac1 Nd4 18. Bd1 Ng8 19. Qg5 f6 20. Qg3 Qe8 21. Nf3 f5 22. Qh4 Nxf3+ 23. Bxf3 Nf6 24. Rfe1 f4 25. Be2 Qe7 26. Bf1 Qg7 27. f3 g5 28. Qf2 h5 29. Nb5 Rac8 30. Nxc7 Rxc7 31. Qxb6 Ne8 32. Qxa5 g4 33. hxg4 hxg4 34. Qc3 g3 1/2-1/2

[Event "Caplin Hastings Masters 2023-24"]
[Site "Hastings"]
[Date "2023.12.28"]
[Round "1.45"]
[White "Weersing, Abigail Riis"]
[Black "Seo, Juwon"]
[Result "1-0"]
[ECO "E39"]
[WhiteElo "2056"]
[BlackElo "1405"]
[Annotator "NA"]
[PlyCount "127"]
[EventDate "2023.12.18"]
[EventType "swiss"]
[EventCountry "ENG"]
[SourceTitle "playchess.com"]
[Source "ChessBase"]
[SourceQuality "1"]
[TimeControl "40/6000+30:3000+30"]

1. d4 Nf6 2. c4 e6 3. Nc3 Bb4 4. Qc2 O-O 5. Nf3 c5 6. dxc5 Na6 7. a3 Bxc3+ 8. Qxc3 Nxc5 9. e3 b6 10. b4 Nce4 11. Qc2 Bb7 12. Bd3 Rc8 13. O-O d5 14. Qa2 dxc4 15. Bxc4 Nc3 16. Qb3 Bxf3 17. gxf3 b5 18. Qxc3 Rxc4 19. Qe5 Qd3 20. Bb2 Qe2 21. Kg2 Rh4 22. Rfe1 Qc2 23. Rac1 Qg6+ 24. Qg3 Qh6 25. Rg1 Kh8 26. Kh1 Rg8 27. Rc7 Rh3 28. Qg2 Rf8 29. Rxa7 Rh5 30. Qg3 Rh3 31. Qg2 Rh5 32. Rb7 Ne8 33. Rb8 f6 34. f4 Rh3 35. Bd4 Rg8 36. Rxb5 Nd6 37. Rb6 Ne4 38. Rb7 Nd2 39. Qxg7+ Qxg7 40. Rgxg7 Nf3 41. Rxg8+ Kxg8 42. Kg2 Rxh2+ 43. Kxf3 h5 44. Bxf6 h4 45. Bxh4 Rxh4 46. Ke4 Rh5 47. Re7 Kf8 48. Rxe6 Kf7 49. Re5 Rh6 50. a4 Ra6 51. a5 Rc6 52. Rc5 Re6+ 53. Kd5 Re8 54. a6 Ra8 55. b5 Kf6 56. Rc7 Kf5 57. a7 Kg6 58. b6 Rd8+ 59. Ke4 Ra8 60. b7 Rxa7 61. b8=Q Ra4+ 62. Kf3 Ra5 63. Qb6+ Kf5 64. Rf7# 1-0

[Event "Caplin Hastings Masters 2023-24"]
[Site "Hastings"]
[Date "2023.12.28"]
[Round "1.46"]
[White "Kim, Sumin"]
[Black "Evenshaug, Amadeus Hestvik"]
[Result "0-1"]
[ECO "A57"]
[WhiteElo "1358"]
[BlackElo "2041"]
[Annotator "NA"]
[PlyCount "66"]
[EventDate "2023.12.18"]
[EventType "swiss"]
[EventCountry "ENG"]
[SourceTitle "playchess.com"]
[Source "ChessBase"]
[SourceQuality "1"]
[TimeControl "40/6000+30:3000+30"]

1. d4 Nf6 2. c4 c5 3. d5 b5 4. Nd2 bxc4 5. Nxc4 d6 6. f3 g6 7. b3 Bg7 8. Bb2 Ba6 9. e4 Bxc4 10. Bxc4 Qa5+ 11. Kf1 O-O 12. Ne2 Ng4 13. Qc1 Bxb2 14. Qxb2 Ne3+ 15. Kf2 Nxc4 16. bxc4 Nd7 17. f4 Rab8 18. Qc2 Rb4 19. Rhb1 Rfb8 20. Nc1 Qa6 21. Nb3 Rxc4 22. Qd3 Qa4 23. Re1 Rbb4 24. Kf3 f5 25. Nd2 Rd4 26. Qe2 Qc2 27. Rad1 fxe4+ 28. Nxe4 Qxe2+ 29. Rxe2 Rxd1 30. Ng5 Rd3+ 31. Kg4 Nf6+ 32. Kh4 Rxf4+ 33. g4 Rxg4# 0-1